cohdb
Replays
Latest Replays
All Replays
Popular Replays
Top Player Replays
Match Explorer
How It Works
Community
CoH3 Stats
Reddit
Sign in to upload your games and track your stats! →
Sign in with Steam
Match 40541916
Unlisted
Match 40541916
Overview
Messages
Build Orders
End
Royal Engineer Section
Construct Section Command Post
Selects Canadian Shock Battlegroup
Infantry Section
Dingo Light Scout Car
Grenade Package
Infantry Section
Selects Incendiary Munitions
Selects Attacking Spirit
Construct Field Infirmary
Selects Canadian Shock Section
Canadian Shock Section
Construct Platoon Command Post
Selects Smoke Operation
Selects Incendiary Munitions
ML 3-inch Mortar Team
6-pounder Anti-tank Gun Team
Infantry Training
broodwarjc
Alberones1992
0
0
Comments
sign in to comment!
No comments posted yet!